 Dungeon Crawl Stone Soup version 0.27-a0-931-g5a74e75d8f (webtiles) character file.

Game seed: 10772522089784570227

30 st0uf the Insei (level 3, -2/27 (28) HPs)
             Began as a Draconian Transmuter on Apr 10, 2021.
             Was an Initiate of Okawaru.
             Slain by a wight
             ... wielding a +4 falchion
              (12 damage)
             ... in the Ecumenical Temple.
             The game lasted 00:05:34 (1783 turns).

st0uf the Insei (Draconian Transmuter)              Turns: 1783, Time: 00:05:34

HP:   -2/27 (28)    AC:  5    Str: 12    XL:     3   Next: 5%
MP:   6/7           EV: 12    Int: 13    God:    Okawaru [......]
Gold: 41            SH:  0    Dex: 12    Spells: 6/7 levels left

rFire    . . .     SeeInvis .     - Unarmed
rCold    . . .     Faith    .   (no shield)
rNeg     . . .     Spirit   .   (armour unavailable)
rPois    .         Reflect  .   (helmet currently unavailable)
rElec    .         Harm     .   (no cloak)
rCorr    .         Rampage  .   (no gloves)
Will     .....                  (boots currently unavailable)
Stlth    +.........             (no amulet)
HPRegen  0.09/turn              (no ring)
MPRegen  0.10/turn              (no ring)

@: appendages, lightly drained
A: horns 2, talons 2, AC +5, unfitting armour, cold-blooded
a: End Transformation, Renounce Religion


You were in the Ecumenical Temple.
You worshipped Okawaru.
Okawaru was noncommittal.
You had temporarily grown beastly horns and talons.
You visited 2 branches of the dungeon, and saw 4 of its levels.

You collected 41 gold pieces.

Inventory:

Scrolls
 c - a scroll of noise {unknown}
 e - 2 scrolls of teleportation {unknown}
 f - 2 scrolls of magic mapping {unknown}
Potions
 a - a potion of invisibility {unknown}
 b - a potion of flight {unknown}
 d - a potion of lignification {unknown}


   Skills:
 + Level 1.1 Fighting
 + Level 2.0 Dodging
 + Level 3.3 Unarmed Combat
 + Level 2.7 Spellcasting
 + Level 2.1 Transmutations


You had 6 spell levels left.
You knew the following spells:

 Your Spells              Type           Power      Damage    Failure   Level
a - Beastly Appendage     Tmut           14%        N/A       10%         1

Your spell library contained the following spells:

 Spells                   Type           Power      Damage    Failure   Level
 Wereblood                Tmut           7%         N/A       14%         2
 Spider Form              Tmut/Pois      2%         N/A       41%         3
 Ice Form                 Ice/Tmut       4%         N/A       83%         4
 Hydra Form               Tmut           3%         N/A       95%         5


Dungeon Overview and Level Annotations

Branches:
Dungeon (4/15)             Temple (1/1) D:4

Altars:
Ashenzari
Cheibriados
Dithmenos
Elyvilon
Fedhas
Gozag
Hepliaklqana
Kikubaaqudgha
Makhleb
Nemelex Xobeh
Okawaru
Qazlal
Ru
Sif Muna
Trog
Uskayaw
Vehumet
Xom
Yredelemnul
Zin
The Shining One


Innate Abilities, Weirdness & Mutations

You have temporarily grown beastly horns and talons.
Your plain brown scales are hard. (AC +5)
You cannot fit into any form of body armour.
You are cold-blooded and may be slowed by cold attacks.


Message History

Okay, then.
There is a staircase back to the Dungeon here.
You can't go down here!
You climb upwards.
Welcome back to the Dungeon!
The quokka bites you but does no damage.
The quokka barely misses you.
There is a staircase to the Ecumenical Temple here.
You can't go up here!
The quokka barely misses you.
You climb downwards.
Welcome back to the Ecumenical Temple!
There is a staircase back to the Dungeon here.
You barely miss the quokka.
Your tail-slap misses the quokka.
The quokka bites you.
You closely miss the quokka. The quokka bites you.
You hit the quokka. You tail-slap the quokka.
You kill the quokka!
Okawaru accepts your kill.
You see here a quokka corpse.
There is a staircase back to the Dungeon here.
You start resting.
HP restored.
You can't go down here!
You climb upwards.
Welcome back to the Dungeon!
There is a staircase to the Ecumenical Temple here.
There is a staircase to the Ecumenical Temple here.
You can't go up here!
You climb downwards.
Welcome back to the Ecumenical Temple!
There is a staircase back to the Dungeon here.
Casting: Beastly Appendage (safe; 10% risk of failure)
Confirm with . or Enter, or press ? or * to list all spells.
You grow a pair of large bovine horns.
Your feet morph into talons.
The wight hits you with a +4 falchion!
You hit the wight but do no damage. The wight misses you.
You barely miss the wight. You tail-slap the wight.
The wight is moderately damaged.
The wight hits you with a +4 falchion.
You feel drained.
You hit the wight. You claw the wight, but do no damage.
The wight is moderately damaged.
The wight hits you with a +4 falchion!
You die...

...#
#...###...#
#...###...#
#... .###
#..#..###
###..#..###
###. ##
##...##
##...## ##
.###
###..#..###
###..#..###
###. ...#
#...###...#
#...###...#
#...
##.###.###
###.###.###
###.###.##
#..#..#
#..#..#
#..#..#
##...##
##z..##
##...##
##.## #.@.#
##.##
##...##
##...##
##...##
#..#..#
#..#..#
#..#..#
#.###.#
#.###.#
#.###.#
##.# #.###
###.# #.###
###.# #.##
...#
#...###...#
#...###...#
#... .###
###..#..###
###..#..###
###. ##
##...##
##...## ##
.###
###..#..###
###..#..###
###.


You could see a wight.

Vanquished Creatures
  An adder (D:2)
  A ball python (D:1)
  3 endoplasms
  2 giant cockroaches (D:1)
  2 goblins (D:2)
  2 hobgoblins (D:2)
  3 kobolds
  2 quokkas
  A frilled lizard (D:2)
  A rat (D:1)
18 creatures vanquished.

Notes
Turn   | Place    | Note
-------+----------+-------------------------------------------
     0 | D:1      | st0uf the Draconian Transmuter began the quest for the Orb.
     0 | D:1      | Reached XP level 1. HP: 16/16 MP: 3/3
   442 | D:1      | Reached XP level 2. HP: 23/23 MP: 3/5
  1350 | D:2      | Reached XP level 3. HP: 28/28 MP: 5/7
  1416 | D:2      | Found a faded altar of an unknown god.
  1448 | D:2      | You fall into a shaft and drop 2 floors!
  1459 | D:4      | Found a staircase to the Ecumenical Temple.
  1495 | Temple   | Entered the Ecumenical Temple
  1720 | Temple   | Became a worshipper of Warmaster Okawaru
  1783 | Temple   | Slain by a wight

Illustrated notes

Levels and vault maps discovered:
D:1:      mrwooster_arrival_statue, layout_basic
D:2:      layout_loops_ring, shapermc_ecumenical_altar_mp_vishouse,
          serial_shops, nicolae_shop_temple_entry_statues_fountains,
          minmay_misc_feat_five, st_stairs_10, mrwooster_statue_mirror,
          grunt_decor_one_mirror
D:4:      layout_loops_ring, temple_pool_b, grunt_ministairs_9, uniq_grinder
Temple:   roderic_octagonal_lattice_temple

Skill      XL: |  1  2 |
---------------+-------+-----
Dodging        | 2 |  2.0
Fighting       | |  1.1
Unarmed Combat | |  3.3
Spellcasting   | |  2.7
Transmutations | |  2.1

Action                   || total
-------------------------++-------
Melee: Unarmed           ||    56
       Headbutt          ||     8
       Kick              ||     7
       Tailslap          ||     3
 Cast: Beastly Appendage ||    15
Armor: Skin              ||    12
Dodge: Dodged            ||    31

Table legend: (Time is in decaauts)
 A = Elapsed time spent in this place.
 B = Non-inter-level travel time spent in this place.
 C = Inter-level travel time spent in this place.
 D = Time resting spent in this place.
 E = Time spent auto-exploring this place.
 F = Levels seen in this place.
 G = Mean time per level.
                   A        B        C        D        E       F      G
               +--------+--------+--------+--------+--------+-----+--------+
         Total |   1784 |   1728 |     56 |     18 |   1392 |   4 |  446.0 |
       Dungeon |   1502 |   1467 |     35 |      0 |   1226 |   3 |  500.7 |
        Temple |    281 |    260 |     21 |     18 |    166 |   1 |  281.0 |
               +--------+--------+--------+--------+--------+-----+--------+

Top non-repeatable levels by time:
     D:1: 842 daAuts
     D:2: 604 daAuts
  Temple: 281 daAuts
     D:4: 56 daAuts
